 Dungeon Crawl Stone Soup version 0.28.0 (webtiles) character file.

Game seed: 10165348310939951006

838 freelancePsychic the Cutter (level 7, -4/38 HPs)
             Began as a Vine Stalker Brigand on Feb 9, 2022.
             Splashed by a jelly's acid (5 damage)
             ... on level 6 of the Dungeon.
             The game lasted 00:07:56 (4429 turns).

freelancePsychic the Cutter (Vine Stalker Brigand)  Turns: 4429, Time: 00:07:57

Health: -4/38      AC:  5    Str: 21    XL:     7   Next: 99%
Magic:  0/8        EV: 11    Int: 11    God:
Gold:   185        SH:  0    Dex: 16    Spells: 6/6 levels left

rFire   . . .      SeeInvis .   a - +2 dagger (elec)
rCold   . . .      Faith    .   (no shield)
rNeg    . . .      Spirit   +   m - +0 leather armour
rPois   .          Reflect  .   (no helmet)
rElec   .          Harm     .   c - +0 cloak
rCorr   .          Rampage  .   (no gloves)
Will    .....                   i - +0 pair of boots
Stlth   +++.......              (no amulet)
HPRegen 0.92/turn               j - +6 ring of strength
MPRegen 0.11/turn               (no ring)

@: no status effects
A: fangs 2, regeneration 1, magic shield, antimagic bite, no potion heal 2
a: no special abilities


You were on level 6 of the Dungeon.
You visited 1 branch of the dungeon, and saw 6 of its levels.

You collected 185 gold pieces.

Inventory:

Hand Weapons
 a - a +2 dagger of electrocution (weapon)
Missiles
 d - 5 poisoned darts (quivered)
 e - 2 curare-tipped darts
 x - 2 boomerangs
 z - 5 javelins
Armour
 c - a +0 cloak (worn)
 i - a +0 pair of boots (worn)
 m - a +0 leather armour (worn)
Jewellery
 j - a +6 ring of strength (left hand)
 u - an amulet of faith
 y - a ring of ice
Scrolls
 f - 2 scrolls of noise
 h - 2 scrolls of identify {@r1}
 l - 2 scrolls of silence
 o - 2 scrolls of fog
 p - 5 scrolls of teleportation {unknown}
 r - a scroll of enchant armour {unknown}
 t - 2 scrolls of enchant weapon {unknown}
 v - a scroll of summoning {unknown}
 w - a scroll of blinking {unknown}
Potions
 b - 2 potions of heal wounds {unknown}
 g - a potion of might
 k - 2 potions of mutation {unknown}
 n - a potion of berserk rage {unknown}
 q - 2 potions of ambrosia {unknown}
 s - 2 potions of degeneration {unknown}
 A - a potion of curing {unknown}


   Skills:
 + Level 4.8 Fighting
 * Level 6.7 Short Blades
 - Level 1.7 Throwing
 - Level 0.7 Dodging
 - Level 4.8 Stealth


You had 6 spell levels left.
You didn't know any spells.
Your spell library contained the following spells:

 Spells                   Type           Power      Damage    Failure   Level
 Animate Skeleton         Necr           0%         N/A       38%         1
 Apportation              Tloc           0%         N/A       38%         1
 Summon Small Mammal      Summ           0%         N/A       38%         1
 Blink                    Tloc           0%         N/A       52%         2
 Conjure Flame            Conj/Fire      0%         6-21      77%         3
 Dazzling Flash           Conj/Hex       0%         N/A       77%         3
 Ignite Poison            Fire/Tmut/Pois 0%         N/A       77%         3
 Lesser Beckoning         Tloc           0%         N/A       77%         3
 Iskenderun's Mystic Bla  Conj/Tloc      0%         2d3       99%         4
 Sticky Flame             Conj/Fire      0%         2d3       99%         4
 Agony                    Necr           0%         N/A       100%        5
 Manifold Assault         Tloc           0%         N/A       100%        5
 Silence                  Hex/Air        0%         N/A       100%        5
 Starburst                Conj/Fire      0%         6d3       100%        6


Dungeon Overview and Level Annotations

Branches:
Dungeon (6/15)
 Temple: D:4-7

Altars:
Yredelemnul

Shops:
D:2 (

Annotations:
D:3 exclusion: orc priest


Innate Abilities, Weirdness & Mutations

You have extremely sharp teeth.
Your natural rate of healing is unusually fast.
When hurt, damage is shared between your health and your magic reserves.
Your bite disrupts and absorbs the magic of your enemies.
Potions cannot restore your health.


Message History

The water moccasin is severely wounded.
You feel sick.
The water moccasin bites you but does no damage.
You hit the water moccasin but do no damage.
Lightning courses through the water moccasin!
You kill the water moccasin!
You feel sick.
You hit the orc but do no damage.
The orc is heavily wounded.
You feel sick. The orc misses you.
You hit the orc but do no damage. Lightning courses through the orc!
You kill the orc!
You feel sick.
Throw: 7 darts (poison)
Press: ? - help, Q - select action, (/) - cycle Shift-Dir - straight line, f - orc
Aim: an orc, wielding a +0 trident (62% to hit)
You throw a poisoned dart. The poisoned dart hits the orc.
The orc is poisoned.
You feel sick. The orc closely misses you.
Throw: 6 darts (poison)
Press: ? - help, Q - select action, (/) - cycle Shift-Dir - straight line, f/p - orc
Aim: an orc, wielding a +0 trident (lightly wounded, poisoned, 62% to hit)
You throw a poisoned dart.
The poisoned dart closely misses the ogre.
The poisoned dart hits the orc.
The orc looks even sicker.
The orc is lightly wounded.
You feel sick.
The ogre hits you with a +0 giant club!!
* * * LOW HITPOINT WARNING * * *
The orc closely misses you.
You feel sick.
Okay, then.
A jelly comes into view.
You feel sick.
You feel sick.
You are no longer poisoned.
The jelly quivers.
The jelly hits you.
* * * LOW HITPOINT WARNING * * *
You are splashed with acid.
You die...

######### #.# #
#.......########.###.
+.....oOo.(..........
#.......##).......#.. #
####.......#..........###.#
.......o..#o......#.....
#.#####'##.Oo....#...# ####
#...###.##....##.#...#....#
#.....o.###.@.##...#<...#
#.....o.# #..J###########
#.......# ###... #....##+#
##### ###)## #.)......
......... .......o..
........###


You could see an ogre, a jelly, an orc priest and an orc (poisoned).

Vanquished Creatures
  A water moccasin (D:6)
  A black bear (D:5)
  An ogre (D:5)
  A scorpion (D:4)
  A wyvern skeleton (D:6)
  A water moccasin skeleton (D:5)
  A bullfrog zombie (D:5)
  A hound (D:5)
  An orc priest (D:5)
  Jessica (D:2)
  2 iguanas (D:5)
  An orc wizard (D:5)
  A hound zombie (D:5)
  A hound skeleton (D:4)
  A howler monkey zombie (D:5)
  3 adders
  A shadow imp (D:5)
  An ufetubus (D:5)
  An adder skeleton (D:4)
  3 worms
  3 dart slugs
  17 orcs
  7 ball pythons
  4 bats
  7 endoplasms
  5 giant cockroaches
  7 goblins
  9 hobgoblins
  A jackal (D:4)
  8 kobolds
  4 quokkas
  5 frilled lizards
  8 rats
110 creatures vanquished.

Notes
Turn   | Place    | Note
-------+----------+-------------------------------------------
     0 | D:1      | freelancePsychic the Vine Stalker Brigand began the quest
                  | for the Orb.
     0 | D:1      | Reached XP level 1. HP: 11/11 MP: 2/2
    79 | D:1      | Reached skill level 2 in Short Blades
   466 | D:1      | Reached XP level 2. HP: 10/15 MP: 3/3
   701 | D:1      | Found a faded altar of an unknown god.
   900 | D:1      | Reached XP level 3. HP: 16/18 MP: 4/4
  1355 | D:2      | Noticed Jessica
  1516 | D:2      | Killed Jessica
  1517 | D:2      | Reached skill level 3 in Short Blades
  1517 | D:2      | Gained mutation: Your natural rate of healing is unusually
                  | fast. [Vine Stalker growth]
  1517 | D:2      | Reached XP level 4. HP: 23/23 MP: 5/5
  1696 | D:2      | Found a basalt altar of Yredelemnul.
  1933 | D:2      | Found Ydiquix's Weapon Shop.
  2132 | D:2      | Reached XP level 5. HP: 28/28 MP: 6/6
  2486 | D:3      | Reached skill level 4 in Short Blades
  3295 | D:4      | Reached XP level 6. HP: 32/32 MP: 7/7
  3563 | D:5      | Entered Level 5 of the Dungeon
  3771 | D:5      | Noticed a black bear
  3793 | D:5      | Reached skill level 5 in Short Blades
  4001 | D:5      | Reached XP level 7. HP: 37/37 MP: 8/8
  4177 | D:5      | Reached skill level 6 in Short Blades
  4427 | D:6      | HP: 1/38 [poisoned by a water moccasin]
  4429 | D:6      | Splashed by a jelly's acid

Illustrated notes

Levels and vault maps discovered:
D:1:      dpeg_arrival_shelter, layout_loops_corners, serial_forest,
          infiniplex_forest_lined_room_, infiniplex_forest_3_way,
          infiniplex_forest_end_3, infiniplex_forest_lined_2,
          infiniplex_forest_clump_large, infiniplex_forest_end_1,
          ebering_ecumenical_altar_mist
D:2:      layout_loops_ring, basic_altar, serial_shops, nicolae_diamond_shop,
          minmay_door_square, minmay_increasing_density, uniq_jessica
D:3:      layout_basic
D:4:      layout_loops_ring, st_stairs_14, hangedman_decor_diamond_cutter,
          minmay_mini_jars
D:5:      layout_loops_ring
D:6:      layout_basic, uniq_crazy_yiuf_cottage, uniq_blork_the_orc,
          uniq_eustachio

Skill      XL: |  1  2  3  4  5  6  7 |
---------------+----------------------+-----
Short Blades   | 2 3 4 5 6 |  6.7
Fighting       | 2 3 4 |  4.8
Throwing       | |  1.7
Dodging        | |  0.7
Stealth        | |  4.8

Action                   |  1- 3 |  4- 6 |  7- 9 || total
-------------------------+-------+-------+-------++-------
Melee: Dagger            |    56 |   171 |    36 ||   263
       Bite              |    14 |    48 |     8 ||    70
       Punch             |       |     3 |       ||     3
Throw: Dart              |     6 |     8 |     2 ||    16
  Use: Scroll            |     2 |     3 |       ||     5
 Stab: Sleeping          |    12 |    17 |     2 ||    31
Armor: Robe              |    13 |     6 |       ||    19
       Leather armour    |       |    35 |     8 ||    43
Dodge: Dodged            |    20 |    56 |    16 ||    92
